 Dungeon Crawl Stone Soup version 0.21.0-37-g46506fa (webtiles) character file.

70 ScottishVillain the Magician (level 4, 0/34 HPs)
             Began as a Demonspawn Wanderer on Jan 30, 2018.
             Was an Initiate of Nemelex Xobeh.
             Slain by an adder (4 damage)
             ... on level 2 of the Dungeon.
             The game lasted 00:11:05 (1596 turns).

ScottishVillain the Magician (Demonspawn Wanderer)  Turns: 1596, Time: 00:11:06

Health: 0/34       AC:  5    Str: 12    XL:     4   Next: 3%
Magic:  8/8        EV: 12    Int: 17    God:    Nemelex Xobeh [......]
Gold:   87         SH:  0    Dex: 10    Spells: 8/8 levels left

rFire    . . .     SeeInvis .   b - +0 quarterstaff
rCold    . . .     Gourm    .   (shield currently unavailable)
rNeg     . . .     Faith    .   d - +0 robe
rPois    +         Spirit   .   (no helmet)
rElec    .         Reflect  .   (no cloak)
rCorr    .         Harm     .   g - +0 pair of gloves
MR       .....                  (no boots)
Stlth    +.........             (no amulet)
HPRegen  0.11/turn              h - ring of poison resistance
MPRegen  0.11/turn              (no ring)

@: lethally poisoned (0 -> -2), very slightly contaminated
A: hooves 1, thin metallic scales 1
a: Renounce Religion


You were on level 2 of the Dungeon.
You worshipped Nemelex Xobeh.
Nemelex Xobeh was noncommittal.
You were very hungry.

You visited 1 branch of the dungeon, and saw 2 of its levels.

You collected 87 gold pieces.

Inventory:

Hand Weapons
 b - a +0 quarterstaff (weapon)
 c - a +0 spear
 n - a cursed +0 mace
Missiles
 k - 2 tomahawks (quivered)
Armour
 d - a +0 robe (worn)
 g - a +0 pair of gloves (worn)
Jewellery
 h - a ring of poison resistance (left hand)
Wands
 a - a wand of enslavement (15)
Scrolls
 i - a scroll of fog {unknown}
 l - a scroll of fear {unknown}
Potions
 j - a potion of curing {unknown}
 m - a potion of lignification {unknown}
Comestibles
 f - 2 rations


   Skills:
 + Level 2.6 Fighting
 + Level 1.3 Staves
 + Level 1.6 Dodging
 + Level 1.3 Stealth
 + Level 2.7 Spellcasting
   Level 1.0 Hexes
   Level 1.7 Translocations
 + Level 1.0 Evocations


You had 8 spell levels left.
You didn't know any spells.

Dungeon Overview and Level Annotations

Branches:
Dungeon (2/15)

Altars:
Ashenzari
Gozag
Nemelex Xobeh


Innate Abilities, Weirdness & Mutations

You have large cloven feet.
You are partially covered in thin metallic scales. (AC +2)


Message History

The adder bites you.
* * * LOW HITPOINT WARNING * * *
The adder closely misses you.
You closely miss the adder. The adder barely misses you. x2
You hit the adder.
The adder is lightly wounded.
You flicker back into view.
The adder barely misses you. The adder bites you but does no damage.
You closely miss the adder. You kick the adder.
The adder is heavily wounded.
The adder bites you but does no damage. The adder bites you.
* * * LOW HITPOINT WARNING * * *
You are poisoned.
The adder poisons you!
You feel sick. The adder barely misses you.
You hit the adder but do no damage.
The adder is heavily wounded.
The adder bites you.
You die...
Your body disappears without a glow.

###§.§##.⌠.##.§§### ###
####§###...###§#### ..#
########...########
$)##########(''########
$.....'................
$######.....###.#.###.
...................##.###
..............###S.......
....#####.##....@.#.#.###
....+..#........###....
#...##.#..#.....##....#
#...##.#..#.....##(.#.# ..
#...##.##.#.....##....# <#
# #.####.....##....###.#.#
.#
#..........##..........##.#
#######....##....#####....#
#....##.#..# #.....#


You could see an adder.

Vanquished Creatures
  A gnoll (D:1)
  An adder (D:2)
  2 oozes (D:1)
  2 dart slugs (D:1)
  A leopard gecko (D:1)
  A ball python (D:1)
  6 bats
  A giant cockroach (D:1)
  3 goblins
  6 hobgoblins
  2 quokkas (D:2)
  3 frilled lizards
  5 kobolds
  3 rats
37 creatures vanquished.

Notes
Turn   | Place    | Note
-------+----------+-------------------------------------------
     0 | D:1      | ScottishVillain the Demonspawn Wanderer began the quest for the Orb.
     0 | D:1      | ScottishVillain set off with: a wand of enslavement (15), a +0 quarterstaff, a +0 spear, a +0 robe, a ration
     0 | D:1      | Reached XP level 1. HP: 16/16 MP: 3/3
    62 | D:1      | Gained mutation: You are partially covered in thin metallic scales. (AC +2) [demonic ancestry]
    62 | D:1      | Reached XP level 2. HP: 12/22 MP: 5/5
   467 | D:1      | Reached XP level 3. HP: 26/28 MP: 7/7
  1215 | D:2      | Found a shattered altar of Ashenzari.
  1217 | D:2      | Reached skill level 1 in Staves
  1480 | D:2      | Found a sparkling altar of Nemelex Xobeh.
  1488 | D:2      | Became a worshipper of Nemelex Xobeh the Trickster
  1544 | D:2      | Found an opulent altar of Gozag.
  1585 | D:2      | Gained mutation: You have large cloven feet. [demonic ancestry]
  1585 | D:2      | Reached XP level 4. HP: 9/34 MP: 8/8
  1596 | D:2      | Slain by an adder

Skill      XL: |  1  2  3 |
---------------+----------+-----
Staves         | 1 |  1.3
Fighting       | |  2.6
Dodging        | |  1.6
Stealth        | |  1.3
Spellcasting   | |  2.7
Hexes          | |  1.0
Translocations | |  1.7
Evocations     | |  1.0

Action                   |  1- 3 |  4- 6 || total
-------------------------+-------+-------++-------
Melee: Quarterstaff      |   116 |     5 ||   121
       Kick              |       |     1 ||     1
Throw: Tomahawk          |     1 |       ||     1
  Use: Potion            |     2 |       ||     2
       Scroll            |     1 |       ||     1
 Stab: Sleeping          |     5 |       ||     5
  Eat: Chunk             |     1 |       ||     1
Armor: Robe              |    55 |     2 ||    57
Dodge: Dodged            |   110 |     6 ||   116
